 Dungeon Crawl Stone Soup version 0.26-a0-712-ga5a9c9c9d0 (webtiles) character file.

Game seed: 13430822329681850755

(classic levelgen) 3056 EnegeticOcto the Cleaver (level 9, -2/82 HPs)
             Began as a Deep Dwarf Fighter on Nov 3, 2020.
             Was a Follower of Makhleb.
             Slain by an orc warrior
             ... wielding a +0 halberd
              (3 damage)
             ... in a bailey.
             The game lasted 00:04:40 (4189 turns).

EnegeticOcto the Cleaver (Deep Dwarf Fighter)       Turns: 4189, Time: 00:04:41

Health: -2/82      AC: 17    Str: 24    XL:     9   Next: 57%
Magic:  0/0        EV:  6    Int:  8    God:    Makhleb [*.....]
Gold:   345        SH: 11    Dex: 12    Spells: 8/8 levels left

rFire    + . .     SeeInvis .   a - +1 war axe
rCold    . . .     Faith    .   c - +0 kite shield
rNeg     . . .     Spirit   .   y - +0 chain mail
rPois    .         Reflect  .   s - +2 helmet
rElec    .         Harm     .   v - +1 cloak
rCorr    .         Rampage  .   b - +0 pair of gloves
MR       +....                  (no boots)
Stlth    ..........             (no amulet)
HPRegen  0.00/turn              (no ring)
MPRegen  0.07/turn              r - ring of protection from fire

@: non-regenerating, studying Fighting
A: damage resistance, heal wounds, sense surroundings 2, no regeneration
a: Heal Wounds, Renounce Religion


You were in a bailey.
You worshipped Makhleb.
Makhleb was aware of your devotion.
You visited 2 branches of the dungeon, and saw 8 of its levels.
You also visited: Ossuary and Bailey.

You collected 345 gold pieces.

Inventory:

Hand Weapons
 a - a +1 war axe (weapon)
Armour
 b - a +0 pair of gloves (worn)
 c - a +0 kite shield (worn)
 s - a +2 helmet (worn)
 v - a +1 cloak (worn)
 y - a +0 chain mail (worn)
Jewellery
 o - an uncursed ring of resist corrosion
 r - a ring of protection from fire (right hand)
Wands
 l - a wand of enslavement (7)
Scrolls
 e - a scroll of identify {@r1}
 k - 2 scrolls of enchant armour
 q - 6 scrolls of teleportation {@r3}
 u - a scroll of enchant weapon
 x - 3 scrolls of remove curse {@r2}
 A - a scroll of magic mapping {@r5}
Potions
 d - 3 potions of might {@q3}
 f - 5 potions of degeneration
 g - a potion of stabbing {unknown}
 h - 8 potions of curing {@q1}
 j - a potion of haste {@q4}
 m - 4 potions of lignification
 n - 2 potions of cancellation
 z - a potion of resistance {unknown}
Books
 i - a manual of Fighting
 p - a manual of Fighting


   Skills:
 + Level 6.0 Fighting
 * Level 9.4 Axes
 + Level 7.2 Armour
 + Level 7.1 Shields
 * Level 3.5 Invocations


You had 8 spell levels left.
You didn't know any spells.
Your spell library was empty.

Dungeon Overview and Level Annotations

Branches:
Dungeon (7/15)             Temple (1/1) D:6         Ossuary (visited)
 Bailey (1/1)

Altars:
Cheibriados
Dithmenos
Elyvilon
Fedhas
Kikubaaqudgha
Makhleb
Okawaru
Trog
Uskayaw
Vehumet
Wu Jian
Xom
Zin

Shops:
D:4 [}

Annotations:
D:6 2 runed translucent doors, Asymodius's ghost, novice DsCK


Innate Abilities, Weirdness & Mutations

You are resistant to damage.
You can heal yourself by infusing magical energy.
You passively map the area around you.
You do not regenerate.


Message History

The orc warrior hits you from afar with a +0 halberd!
You hit the centaur but do no damage.
The centaur is almost dead.
The centaur hits you but does no damage.
The orc hits you but does no damage. The orc barely misses you.
You block the centaur's attack.
You completely miss the centaur.
The centaur is severely wounded.
You block the orc warrior's attack.
The orc hits you from afar with a +0 trident.
You block the centaur's attack.
You hit the centaur.
The centaur is almost dead.
You block the centaur's attack. You block the orc warrior's attack.
You block the orc's attack.
The centaur hits you but does no damage.
You slash the centaur!
You kill the centaur!
Makhleb accepts your kill.
You block the orc warrior's attack. x2; The orc hits you but does no damage.
The orc barely misses you. You block the orc warrior's attack.
The orc barely misses you. You block the orc warrior's attack.
The orc hits you but does no damage. You block the orc's attack.
You hit the orc warrior but do no damage.
You hit the orc. You closely miss the orc. You block the orc's attack.
The orc hits you but does no damage.
The orc warrior hits you from afar with a +0 halberd.
The orc barely misses you.
The orc warrior hits you with a +0 spear.
You hit the orc.
You kill the orc!
Makhleb accepts your kill.
You feel better.
You hit the orc warrior. You hit the orc. The orc hits you but does no damage.
The orc warrior hits you from afar with a +0 halberd.
The orc warrior hits you with a +0 spear.
You slice the orc warrior!!
The orc warrior is almost dead.
You hit the orc but do no damage. You block the orc's attack. x2
The orc warrior closely misses you.
The orc warrior hits you with a +0 spear.
You slash the orc warrior!
You kill the orc warrior!
Makhleb accepts your kill.
You feel better.
Your Fighting skill increases to level 6!
You hit the orc but do no damage. The orc barely misses you.
You block the orc's attack.
The orc warrior hits you from afar with a +0 halberd!
You barely miss the orc.
The orc is lightly wounded.
The orc completely misses you. The orc hits you but does no damage.
The orc warrior hits you from afar with a +0 halberd!
* * * LOW HITPOINT WARNING * * *
You are too injured to fight recklessly!
You are too injured to fight recklessly!
You are too injured to fight recklessly!
You are too injured to fight recklessly!
You are too injured to fight recklessly!
You are too injured to fight recklessly!
You are too injured to fight recklessly!
You are too injured to fight recklessly!
You are too injured to fight recklessly!
You are too injured to fight recklessly!
You are too injured to fight recklessly!
You are too injured to fight recklessly!
You are too injured to fight recklessly!
You are too injured to fight recklessly!
You are too injured to fight recklessly!
You are too injured to fight recklessly!
You are too injured to fight recklessly!
You are too injured to fight recklessly!
You are too injured to fight recklessly!
You are too injured to fight recklessly!
You are too injured to fight recklessly!
You are too injured to fight recklessly!
You are too injured to fight recklessly!
You are too injured to fight recklessly!
You are too injured to fight recklessly!
You are too injured to fight recklessly!
You are too injured to fight recklessly!
Your shield prevents you from hitting the orc.
The orc is lightly wounded.
You block the orc's attack. The orc hits you but does no damage. x2
You block the orc warrior's attack.
You slash the orc!
You kill the orc!
Makhleb accepts your kill. The orc hits you but does no damage.
The orc warrior barely misses you.
Things that are here:
a +0 trident; a +0 scale mail You block the orc's attack.
The orc warrior hits you with a +0 halberd!
* * * LOW HITPOINT WARNING * * *
The orc warrior hits you from afar with a +0 halberd!
* * * LOW HITPOINT WARNING * * *
The orc hits you but does no damage.
The orc warrior hits you from afar with a +0 halberd!
You die...

############### * * * *
≈≈≈≈≈≈≈≈≈≈≈≈≈≈## * ≈ ≈
...)...........## ≈≈ ≈ ≈≈ ≈ ≈
...)..).......).## ≈, , ,
#########⌠.).....# ≈ ≈ ≈
.....)..#####)).o#≈≈≈≈≈..≈≈≈.....
≈≈≈≈≈≈≈≈....##o..#≈≈≈≈.≈≈≈.......
.......≈≈≈.⌠.#..@#≈≈≈≈.≈.........
≈≈≈≈≈≈≈..≈≈..#...#≈≈≈.≈≈.⌠.......
≈.....≈≈≈.≈≈.#⌠..#≈≈≈c≈..........
.≈≈≈≈≈..≈≈.≈.##..#≈≈.≈≈...(≈≈≈≈≈≈
≈≈...≈≈≈.≈.≈≈.#..#####...≈≈≈≈≈≈≈≈
..⌠.⌠..≈.≈≈.≈.#..'....o.≈≈≈≈≈≈≈≈≈
..∩(∩..≈))).≈)#..'..)...≈≈≈o≈(..≈
..⌠.⌠..≈.≈≈)≈)#..'....(.≈≈≈≈≈≈≈≈≈
≈≈...≈≈≈.≈)≈≈)#..#####...≈≈≈(≈≈≈≈


You could see an orc warrior and an orc.

Vanquished Creatures
  Edmund (D:5)
  6 orc warriors
  2 ogres
  4 centaurs
  Blork the orc (D:4)
  A bullfrog (D:4)
  9 scorpions
  5 wights (D:6)
  4 crimson imps (D:4)
  A bullfrog zombie (D:5)
  2 centaur zombies (Ossuary)
  2 jellies (D:5)
  3 human zombies (Ossuary)
  4 orc wizards (D:5)
  4 hounds
  An iron imp (D:5)
  Ijyb (D:3)
  An iguana (D:5)
  5 worker ants
  A killer bee zombie (D:6)
  A big kobold zombie (Ossuary)
  3 mummies (Ossuary)
  A worker ant zombie (D:6)
  3 gnolls (D:3)
  3 scorpion zombies (Ossuary)
  5 adders
  2 white imps (D:5)
  A leopard gecko (D:1)
  35 orcs
  6 giant cockroaches
  A gnoll zombie (Ossuary)
  2 goblins
  3 hobgoblins (D:1)
  3 jackals (D:5)
  7 kobolds
  3 quokkas
  4 ball pythons
  3 bats
  A frilled lizard (D:1)
  2 goblin zombies (Ossuary)
  A hobgoblin zombie (Ossuary)
  A kobold zombie (Ossuary)
  3 orc zombies (Ossuary)
  3 rats (D:1)
155 creatures vanquished.

Vanquished Creatures (others)
  A human (D:2)
1 creature vanquished.

Grand Total: 156 creatures vanquished

Notes
Turn   | Place    | Note
-------+----------+-------------------------------------------
     0 | D:1      | EnegeticOcto the Deep Dwarf Fighter began the quest for the
                  | Orb.
     0 | D:1      | Reached XP level 1. HP: 20/20 MP: 1/1
    54 | D:1      | Reached XP level 2. HP: 24/27 MP: 2/2
   258 | D:2      | Found an ancient bone altar of Kikubaaqudgha.
   258 | D:2      | Noticed a human
   265 | D:2      | Killed a human
   282 | D:3      | Reached skill level 3 in Axes
   282 | D:3      | Reached XP level 3. HP: 34/34 MP: 3/3
   344 | D:3      | Noticed Ijyb
   388 | D:3      | Killed Ijyb
   620 | D:3      | Reached XP level 4. HP: 33/42 MP: 4/4
   989 | D:4      | Found Haolihew's Gadget Emporium.
  1105 | D:4      | Reached skill level 4 in Axes
  1105 | D:4      | Reached XP level 5. HP: 30/49 MP: 5/5
  1190 | D:4      | Found a glowing drain.
  1211 | D:4      | Found Riecaunt's Armour Shoppe.
  1277 | D:4      | Found a shimmering altar of Xom.
  1279 | D:4      | Reached XP level 6. HP: 53/57 MP: 6/6
  1297 | D:4      | Reached skill level 5 in Axes
  1525 | D:4      | Noticed Blork the orc
  1535 | D:4      | Killed Blork the orc
  1535 | D:4      | Reached XP level 7. HP: 36/64 MP: 7/7
  1646 | D:4      | Reached skill level 5 in Armour
  1646 | D:4      | Reached skill level 5 in Shields
  1913 | D:5      | Entered Level 5 of the Dungeon
  2101 | D:5      | Noticed Edmund
  2111 | D:5      | Reached skill level 6 in Axes
  2138 | D:5      | Killed Edmund
  2175 | D:5      | Found a snail-covered altar of Cheibriados.
  2324 | D:5      | Reached XP level 8. HP: 56/73 MP: 7/7
  2482 | D:5      | Reached skill level 7 in Axes
  2622 | D:6      | HP: 1/73 [orc warrior/+0 scimitar (16)]
  2634 | D:6      | Reached skill level 5 in Fighting
  2701 | D:6      | Found a sand-covered staircase.
  2712 | Ossuary  | Entered an ossuary
  2780 | Ossuary  | Reached skill level 8 in Axes
  3084 | D:6      | Gained mutation: You passively map the area around you.
                  | [Deep Dwarf growth]
  3084 | D:6      | Reached XP level 9. HP: 54/81 MP: 6/6
  3267 | D:6      | Found a staircase to the Ecumenical Temple.
  3316 | Temple   | Entered the Ecumenical Temple
  3411 | Temple   | Became a worshipper of Makhleb the Destroyer
  3651 | D:6      | Found a large runed translucent door.
  3651 | D:6      | Found a large runed translucent door.
  3786 | D:6      | Noticed Asymodius's ghost (novice DsCK)
  3842 | D:7      | Found a flagged portal.
  3856 | Bailey   | Entered a bailey
  3870 | Bailey   | Reached skill level 1 in Invocations
  3943 | Bailey   | Reached skill level 9 in Axes
  4085 | Bailey   | Reached * piety under Makhleb
  4188 | Bailey   | HP: 1/82 [orc warrior/+0 halberd (7)]
  4189 | Bailey   | Slain by an orc warrior

Illustrated notes

Levels and vault maps discovered:
D:1:      mrwooster_arrival_arrow, layout_rooms
D:2:      layout_loops_cross, tgw_kikubaaqudgha
D:3:      layout_loops_corners, grunt_temple_overflow_opulence,
          lexackson_kobold_supper, uniq_ijyb
D:4:      layout_loops_corners, serial_shops, shop, shop, portal_sewer_entry_d,
          led_xom_imps, uniq_blork_the_orc
D:5:      layout_loops_cross, slow_altar_2, uniq_edmund
D:6:      layout_basic, minmay_temple_entry_arrows, ebering_ghost_disaster_area,
          nicolae_ossuary_entry_ruins
D:7:      layout_loops_cross, overflow_temple_1_default, grunt_qazlal_clouds,
          nicolae_overflow_hidden_temple, enter_bailey_2,
          minmay_misc_feat_rugged
Temple:   compressed_dpeg_circular_temple
Bailey:   bailey_polearm_flooded_kennysheep, bailey

Skill      XL: |  1  2  3  4  5  6  7  8  9 |
---------------+----------------------------+-----
Fighting       | 3 4 5 6 |  6.0
Axes           | 3 4 5 6 8 9 |  9.4
Armour         | 4 5 6 7 |  7.2
Shields        | 4 5 6 7 |  7.1
Invocations    | 3 |  3.5

Action                   |  1- 3 |  4- 6 |  7- 9 || total
-------------------------+-------+-------+-------++-------
Melee: War axe           |    97 |   128 |   433 ||   658
 Abil: Heal Wounds       |     1 |     1 |    28 ||    30
  Use: Scroll            |       |       |    17 ||    17
       Potion            |       |       |     2 ||     2
Armor: Scale mail        |    17 |       |       ||    17
       Chain mail        |    44 |     1 |   167 ||   212
       Ring mail         |       |    63 |    71 ||   134
Dodge: Dodged            |    28 |    45 |   116 ||   189
Block: Kite shield       |    58 |    69 |   321 ||   448

Table legend: (Time is in decaauts)
 A = Elapsed time spent in this place.
 B = Non-inter-level travel time spent in this place.
 C = Inter-level travel time spent in this place.
 D = Time resting spent in this place.
 E = Time spent auto-exploring this place.
 F = Levels seen in this place.
 G = Mean time per level.
                   A        B        C        D        E       F      G
               +--------+--------+--------+--------+--------+-----+--------+
         Total |   4348 |   4059 |    289 |      0 |   2615 |  10 |  434.8 |
       Dungeon |   3565 |   3305 |    260 |      0 |   2307 |   7 |  509.3 |
        Temple |    120 |     92 |     28 |      0 |     90 |   1 |  120.0 |
       Ossuary |    318 |    318 |      0 |      0 |    113 |   1 |  318.0 |
        Bailey |    343 |    343 |      0 |      0 |    105 |   1 |  343.0 |
               +--------+--------+--------+--------+--------+-----+--------+

Top non-repeatable levels by time:
     D:4: 998 daAuts
     D:6: 847 daAuts
     D:3: 704 daAuts
     D:5: 698 daAuts
  Bailey: 343 daAuts
 Ossuary: 318 daAuts
     D:1: 241 daAuts
  Temple: 120 daAuts
     D:2: 60 daAuts
     D:7: 14 daAuts
